 Dungeon Crawl Stone Soup version 0.18.1-8-gdd0e5ea (webtiles) character file.

117524 georgeearnest the Nimble (level 16, -2/178 HPs)
             Began as a Troll Monk on June 5, 2016.
             Was a High Priest of Nemelex Xobeh.
             Slain by a battleaxe of freezing (16 damage)
             ... on level 2 of the Elven Halls.
             The game lasted 02:07:54 (30134 turns).

georgeearnest the Nimble (Troll Monk)              Turns: 30134, Time: 02:07:54

Health: -2/178     AC: 15    Str: 30 (32) XL:     16   Next: 23%
Magic:  27/27      EV: 21    Int: 17 (18) God:    Nemelex Xobeh [*****.]
Gold:   1489       SH:  0    Dex: 16 (17) Spells: 0 memorised, 15 levels left

rFire  + . .     SeeInvis .     y - +7 mace "Culuv" {crush, *Rage rN+ Str+7 Int+8}
rCold  + . .     Gourm    +     t - +4 troll leather armour {Purgy}
rNeg   + . .     Faith    .     (no shield)
rPois  .         Spirit   .     Y - +2 hat {MR+}
rElec  .         Dismiss  +     (no cloak)
rCorr  .         Reflect  .     (gloves unavailable)
SustAt .         Harm     .     (boots unavailable)
MR     ++...     Rnd*Rage +     A - amulet of dismissal
Stlth  +.........               j - ring of Memucaofewk {rC+ MP+9 Str+3 Int+3 Stlth-}
                                e - +4 ring of dexterity

@: lethally poisoned (-2 -> -8), very resistant to hostile enchantments, very
unstealthy
A: unfitting armour, claws 3, hooves 1, repulsion field 1, molten scales 1,
berserk 1, blurry vision 1, clever 1, clumsy 2, deterioration 1, fire resistance
1, fast metabolism 3, gourmand, regeneration 2, robust 1, screaming 1, shaggy
fur 1, tough skin 2, weak 1, subdued magic 1
a: Triple Draw, Deal Four, Stack Five, Renounce Religion


You were on level 2 of the Elven Halls.
You worshipped Nemelex Xobeh.
Nemelex Xobeh was extremely pleased with you.
You were full.

You visited 4 branches of the dungeon, and saw 27 of its levels.
You also visited: Sewer and Ice Cave.

You collected 2833 gold pieces.
You spent 1344 gold pieces at shops.

Inventory:

Hand Weapons
 y - the +7 mace "Culuv" (weapon) {crush, *Rage rN+ Str+7 Int+8}
   (You found it in an ice cave)

   It inflicts extra damage upon your enemies.
   It affects your strength (+7).
   It affects your intelligence (+8).
   It protects you from negative energy.
   It may make you go berserk in combat.
Missiles
 u - 8 tomahawks of dispersal (quivered)
Armour
 t - a +4 troll leather armour (worn) {Purgy}
 Y - a +2 hat of magic resistance (worn)
Jewellery
 e - a +4 ring of dexterity (left claw)
 j - the ring of Memucaofewk (right claw) {rC+ MP+9 Str+3 Int+3 Stlth-}
   (You bought it in a shop on level 13 of the Dungeon)

   [ring of protection from cold]

   It affects your strength (+3).
   It affects your intelligence (+3).
   It protects you from cold.
   It affects your magic capacity (+9).
   It makes you less stealthy.
 q - a +4 ring of intelligence {unknown}
 v - a +3 ring of intelligence {unknown}
 A - an amulet of dismissal (around neck)
Wands
 f - a wand of iceblast (9/15)
 o - a wand of paralysis (4/24)
 p - a wand of digging (14/24)
Scrolls
 i - a scroll of fear
 m - a scroll of magic mapping
 n - a scroll of amnesia
 x - 3 scrolls of identify
Potions
 g - a potion of flight
 w - a potion of magic
 B - a potion of mutation {unknown}
Books
 a - a book of Air

   Spells                             Type                      Level
   a - Shock                          Conjuration/Air              1
   b - Swiftness                      Charms/Air                   2
   c - Repel Missiles                 Charms/Air                   2
   d - Static Discharge               Conjuration/Air              3
   e - Lightning Bolt                 Conjuration/Air              5
Miscellaneous
 c - a stone of tremors (inert)
 d - a lamp of fire (inert)
 h - a fan of gales (inert)
 k - a phial of floods (inert)
 l - a plain deck of defence {drawn: 1}
 r - a plain deck of war
 s - an ornate deck of war {drawn: 5}
 M - a legendary deck of escape {drawn: 2}
 P - a legendary deck of escape
 S - a legendary deck of escape {drawn: 1}
 Z - a legendary deck of escape
Comestibles
 b - 10 bread rations
 z - a beef jerky
 C - 2 slices of pizza


   Skills:
 + Level 11.2 Fighting
 * Level 11.2 Maces & Flails
 + Level 6.4 Armour
 + Level 14.5 Dodging
 + Level 4.1 Stealth
 - Level 12.8 Unarmed Combat
 + Level 4.2 Evocations


You had 15 spell levels left.
You didn't know any spells.

Dungeon Overview and Level Annotations

Branches:
Dungeon (15/15)            Temple (0/1) D:7            Lair (8/8) D:10
 Shoals (0/4) Lair:5       Spider (0/4) Lair:4        Slime (0/6) Lair:8
    Orc (2/2) D:12            Elf (2/3) Orc:2        Vaults (0/5) D:13
 Depths (0/5) D:15

Altars:
Cheibriados
Dithmenos
Elyvilon
Fedhas
Kikubaaqudgha
Makhleb
Nemelex Xobeh
Okawaru
Qazlal
Sif Muna
Trog
Vehumet
Xom
Zin
The Shining One
Jiyva

Shops:
D:4 (*   D:5 }   D:9 %:   D:11 [   D:13 *   Orc:1 }   Orc:2 ((=:   Elf:1 }:(*
Elf:2 (


Innate Abilities, Weirdness & Mutations

You are too large for most types of armour.
You have claws for hands.
Your metabolism is lightning-fast.
You like to eat raw meat.
You heal very quickly.
You are covered in fur (AC +1).
You have very tough skin (AC +2).
You have large cloven feet.
You are surrounded by a mild repulsion field (EV +2).
You are partially covered in molten scales (AC +1).
You tend to lose your temper in combat.
Scrolls take you a little longer to read.
Your mind is acute. (Int +2)
You are very clumsy. (Dex -4)
Your body sometimes deteriorates upon taking damage.
Your flesh is heat resistant.
You are robust (+10% HP).
You occasionally shout uncontrollably at your foes.
You are weak. (Str -2)
Your spells are a little easier to cast, but a little less powerful.


Message History

Your claw misses the battleaxe of freezing.
You feel sick. The glaive of venom hits you from afar!
* * * LOW HITPOINT WARNING * * *
You are more poisoned.
Drink which item? (? for menu, Esc to quit)
Okay, then.
Read which item? (? for menu, Esc to quit)
Okay, then.
You feel very sick. The battleaxe of freezing hits you!!
* * * LOW HITPOINT WARNING * * *
The battleaxe of freezing freezes you.
* * * LOW HITPOINT WARNING * * *
You feel very sick. The battleaxe of freezing misses you.
The glaive of venom misses you.
You feel very sick.
You feel very sick.
You feel sick. The battleaxe of freezing hits you!
You die...
Your body glows with a rainbow of weird colours and disappears.

.###.###...#.........# **.,,**
..#*#+...........(..## *,..**
..#*##...(.##.......# **...*#
...##......<##......# *#...#
..(##........#.....### *#....
...##.......#####....#### **.....
..####.....####....#....# *,.....
..*###e....###....###...# **.....
.'##.########...@..#...###*,.....
.#.....######..(#......#.##'..(..
##...∩....)...(###.....##'.'#...(
.........##...## ##..#...'.##....
.........###...###.....##'.'#....
....((((.# ##..(#......#.##'.....
.........# #....).#...###*......
##..(((### ##....###...# ##.....
##$#.### ##....#....# #......


You could see 2 dancing weapons.

Vanquished Creatures
  A deep elf demonologist (Elf:1)
  A spark wasp (D:15)
  Azrael (D:15)
  An ettin (Elf:1)
  Snorg (Lair:6)
  Josephine (D:10)
  A vault guard (D:13)
  2 deep elf death magi (Elf:1)
  4 hydras
  4 centaur warriors
  6 death yaks
  A queen ant (shapeshifter) (Elf:2)
  6 dancing weapons
  An ogre mage (D:15)
  A tengu warrior (D:15)
  A satyr (D:15)
  A death yak (shapeshifter) (Elf:1)
  4 orc high priests
  A shock serpent (D:14)
  10 deep elf knights
  A fire crab (Lair:7)
  An unseen horror (D:15)
  3 deep elf archers
  3 wizards (D:13)
  7 hill giants
  2 wolf spider zombies
  A necromancer (IceCv)
  A mana viper (Lair:5)
  23 deep elf magi
  3 orc sorcerers
  A moth of wrath (Elf:1)
  5 ugly things
  2 cyclopes
  A hornet (Elf:1)
  A manticore (Lair:5)
  8 elephants
  2 black mambas
  3 ice statues (IceCv)
  17 spiny frogs
  2 kobold demonologists
  A redback zombie (D:15)
  8 komodo dragons
  A yaktaur (shapeshifter) (D:15)
  2 efreet (D:14)
  5 ice devils (IceCv)
  8 trolls
  A polar bear (D:11)
  A wind drake (Elf:1)
  A jumping spider (Lair:4)
  3 two-headed ogres (D:15)
  A hornet zombie (D:13)
  4 boulder beetles (Lair:4)
  4 slime creatures (D:15)
  6 blink frogs
  2 air elementals
  6 wraiths (D:10)
  A spriggan (Lair:5)
  2 water elementals
  35 yaks
  3 wyverns
  7 fire elementals
  15 humans (D:13)
  2 golden eyes (Lair:5)
  14 hippogriffs
  A mottled dragon (D:13)
  A hippogriff (shapeshifter) (D:15)
  A warg (Orc:1)
  4 hell hounds
  9 porcupines
  17 water moccasins
  7 ice beasts
  A black bear (D:11)
  A swamp drake (D:12)
  6 sky beasts
  19 orc warriors
  A black bear (shapeshifter) (D:14)
  An eye of draining (D:15)
  2 phantoms
  Purgy (Sewer)
  18 ogres
  2 necrophages (D:11)
  A wasp (D:9)
  13 wolves
  12 centaurs
  16 crocodiles
  4 big kobolds
  26 giant frogs
  2 earth elementals (Elf:1)
  A wyvern skeleton (D:12)
  11 killer bees
  3 scorpions
  17 wights
  3 howler monkeys
  2 electric eels
  11 crimson imps
  3 centaur zombies
  A draconian simulacrum (IceCv)
  A giant frog zombie (D:11)
  5 hounds
  A gnoll shaman (D:4)
  9 iguanas
  19 orc priests
  2 jellies
  23 orc wizards
  4 centaur skeletons
  2 giant frog skeletons
  Ijyb (D:3)
  8 worker ants
  4 troll simulacra (IceCv)
  A killer bee zombie (D:6)
  7 sheep (Lair:1)
  2 centaur simulacra (IceCv)
  10 gnolls
  3 naga simulacra (IceCv)
  20 adders
  41 river rats
  A shadow imp (D:11)
  4 oozes
  An adder zombie (D:5)
  An adder skeleton (D:4)
  A worm (D:3)
  2 giant geckos
  78 orcs
  9 bats
  9 giant cockroaches
  6 goblins
  11 hobgoblins
  10 jackals
  30 kobolds
  4 quokkas
  A giant gecko skeleton (D:4)
  A giant gecko zombie (D:5)
  5 giant newts
  10 rats
  A bush (Lair:7)
  2 fungi (Lair:5)
  10 plants
847 creatures vanquished.

Vanquished Creatures (collateral kills)
  Gastronok (Lair:3)
  An ettin (Orc:2)
  2 vault guards (D:13)
  3 hydras
  Erica (Lair:2)
  An ogre mage (Orc:1)
  A dancing weapon (Elf:1)
  A death yak (Lair:8)
  An orc high priest (Orc:2)
  A sea snake (Lair:5)
  A deep elf archer (Elf:2)
  A hill giant (D:11)
  An orc knight (Orc:2)
  A necromancer (D:13)
  A deep elf mage (Elf:1)
  A griffon (Lair:4)
  An ugly thing (D:14)
  13 elephants
  2 spiny frogs
  A rime drake (Lair:5)
  3 two-headed ogres
  3 blink frogs
  A wraith (D:11)
  A human (D:13)
  A hippogriff (Lair:8)
  2 wargs
  A water moccasin (Lair:3)
  2 porcupines
  7 orc warriors
  A wasp (D:11)
  4 ice beasts (Lair:2)
  3 ogres
  2 wolves
  2 centaurs (D:11)
  3 big kobolds
  A killer bee (Lair:5)
  A hound (D:11)
  5 orc priests
  5 orc wizards
  3 gnolls (Orc:2)
  An adder (D:13)
  3 river rats (Lair:6)
  12 orcs
  A kobold (D:14)
104 creatures vanquished.

Vanquished Creatures (others)
  A deep elf mage (Elf:2)
  An ugly thing (D:14)
  A black mamba (Lair:5)
  A human (D:13)
  A porcupine (Lair:3)
  An orc wizard (D:5)
  7 fungi
  6 plants
19 creatures vanquished.

Grand Total: 970 creatures vanquished

Notes
Turn   | Place    | Note
--------------------------------------------------------------
     0 | D:1      | georgeearnest the Troll Monk began the quest for the Orb.
     0 | D:1      | Reached XP level 1. HP: 22/22 MP: 0/0
   215 | D:1      | Reached XP level 2. HP: 27/29 MP: 1/1
   293 | D:1      | Found a glowing golden altar of the Shining One.
   730 | D:1      | Reached XP level 3. HP: 36/36 MP: 2/2
  1063 | D:2      | Reached skill level 3 in Dodging
  1218 | D:2      | Found a snail-covered altar of Cheibriados.
  1218 | D:2      | Found a sparkling altar of Nemelex Xobeh.
  1416 | D:2      | Reached XP level 4. HP: 44/44 MP: 3/3
  1676 | D:2      | Became a worshipper of Nemelex Xobeh the Trickster
  1676 | D:2      | Received a gift from Nemelex Xobeh
  1676 | D:2      | Reached * piety under Nemelex Xobeh
  1676 | D:2      | Received a gift from Nemelex Xobeh
  1676 | D:2      | Reached ** piety under Nemelex Xobeh
  1785 | D:3      | Found a glowing drain.
  1864 | Sewer    | Entered a sewer
  1918 | Sewer    | Noticed Purgy
  1922 | Sewer    | Killed Purgy
  1922 | Sewer    | Reached skill level 5 in Unarmed Combat
  1922 | Sewer    | Reached XP level 5. HP: 36/53 MP: 4/4
  2203 | D:3      | Received a gift from Nemelex Xobeh
  2527 | D:3      | Found a shimmering altar of Xom.
  2569 | D:3      | Reached skill level 4 in Dodging
  2569 | D:3      | Reached XP level 6. HP: 28/61 MP: 5/5
  2662 | D:3      | Found a faded altar to an unknown god.
  2669 | D:3      | Noticed Ijyb
  2677 | D:3      | Killed Ijyb
  2813 | D:4      | Reached skill level 1 in Armour
  3010 | D:4      | Received a gift from Nemelex Xobeh
  3042 | D:4      | Reached *** piety under Nemelex Xobeh
  3092 | D:4      | Found Vuluddeana's Weapon Shoppe.
  3191 | D:4      | Reached XP level 7. HP: 67/67 MP: 6/6
  3266 | D:4      | Received a gift from Nemelex Xobeh
  3508 | D:4      | Found Yduhex's General Store.
  3763 | D:5      | Entered Level 5 of the Dungeon
  4146 | D:5      | Found a glowing silver altar of Zin.
  4150 | D:5      | Found a glowing golden altar of the Shining One.
  4159 | D:5      | Found a white marble altar of Elyvilon.
  4194 | D:5      | Reached XP level 8. HP: 78/78 MP: 7/7
  4215 | D:5      | Reached skill level 5 in Dodging
  4260 | D:5      | Found Pulil's Gadget Shoppe.
  4263 | D:5      | Bought a sack of spiders for 280 gold pieces
  4280 | D:5      | Received a gift from Nemelex Xobeh
  4376 | D:5      | Found a deep blue altar of Sif Muna.
  4739 | D:6      | Reached **** piety under Nemelex Xobeh
  4780 | D:6      | Received a gift from Nemelex Xobeh
  4977 | D:6      | Reached skill level 5 in Fighting
  5430 | D:7      | Found a stormy altar of Qazlal.
  5430 | D:7      | Found a blossoming altar of Fedhas.
  5627 | D:7      | Received a gift from Nemelex Xobeh
  5841 | D:7      | Found a staircase to the Ecumenical Temple.
  5974 | D:8      | Reached XP level 9. HP: 34/88 MP: 8/8
  6055 | D:8      | Reached ***** piety under Nemelex Xobeh
  6055 | D:8      | Received a gift from Nemelex Xobeh
  6354 | D:8      | Reached skill level 6 in Dodging
  6531 | D:8      | Received a gift from Nemelex Xobeh
  6537 | D:8      | Found a radiant altar of Vehumet.
  6740 | D:9      | Found Icwazoin's Book Boutique.
  6795 | D:9      | Noticed a troll
  6803 | D:9      | Killed a troll
  6880 | D:9      | Noticed a troll
  6890 | D:9      | Killed a troll
  7028 | D:9      | Found an iron altar of Okawaru.
  7040 | D:9      | Found a shadowy altar of Dithmenos.
  7040 | D:9      | Found a bloodstained altar of Trog.
  7048 | D:9      | Found an ancient bone altar of Kikubaaqudgha.
  7051 | D:9      | Found a burning altar of Makhleb.
  7270 | D:9      | Found Viehucw's Food Boutique.
  7296 | D:9      | Reached XP level 10. HP: 100/100 MP: 9/9
  7352 | D:9      | Received a gift from Nemelex Xobeh
  7492 | D:9      | Gained mutation: You are robust (+10% HP). [mutagenic meat]
  7493 | D:9      | Gained mutation: You are clumsy. (Dex -2) [mutagenic meat]
  7494 | D:9      | Gained mutation: You have a pair of small horns on your head. [mutagenic meat]
  7870 | D:10     | Entered Level 10 of the Dungeon
  7903 | D:10     | Noticed a hill giant
  7914 | D:10     | Killed a hill giant
  7917 | D:10     | Reached skill level 7 in Dodging
  7978 | D:10     | Found a staircase to the Lair.
  8159 | D:10     | Noticed a centaur warrior
  8174 | D:10     | Killed a centaur warrior
  8175 | D:10     | Received a gift from Nemelex Xobeh
  8294 | D:10     | Noticed Josephine
  8305 | D:10     | Killed Josephine
  8305 | D:10     | Reached skill level 8 in Dodging
  8660 | D:10     | Reached XP level 11. HP: 109/119 MP: 10/10
  8732 | D:11     | Received a gift from Nemelex Xobeh
  8738 | D:11     | Reached skill level 10 in Unarmed Combat
  9140 | D:11     | Found Feshrojal's Antique Armour Emporium.
  9214 | D:11     | Received a gift from Nemelex Xobeh
  9639 | D:11     | Noticed a hill giant
  9644 | D:11     | Noticed a green ugly thing
  9649 | D:11     | Killed a hill giant
  9662 | D:11     | Killed a green ugly thing
  9662 | D:11     | Reached skill level 9 in Dodging
  9689 | D:11     | Gained mutation: You tend to lose your temper in combat. [mutagenic meat]
  9906 | D:11     | Received a gift from Nemelex Xobeh
  9934 | D:11     | Reached ****** piety under Nemelex Xobeh
 10261 | D:11     | Noticed a hill giant
 10275 | D:11     | Killed a hill giant
 10275 | D:11     | Reached skill level 1 in Evocations
 10414 | D:12     | Noticed a hill giant
 10423 | D:12     | Killed a hill giant
 10558 | D:12     | Found a staircase to the Orcish Mines.
 10718 | D:12     | Received a gift from Nemelex Xobeh
 11354 | D:12     | Received a gift from Nemelex Xobeh
 11632 | Orc:1    | Entered Level 1 of the Orcish Mines
 11694 | Orc:1    | Noticed an orc high priest
 11700 | Orc:1    | Killed an orc high priest
 11700 | Orc:1    | Reached XP level 12. HP: 92/134 MP: 12/12
 11992 | Orc:1    | Found Uteiff's Quality Used Wands.
 12054 | Orc:1    | Noticed an ogre mage
 12067 | Orc:1    | Reached skill level 5 in Armour
 12067 | Orc:1    | Reached skill level 10 in Dodging
 12078 | Orc:1    | Killed an ogre mage
 12299 | Orc:2    | Entered Level 2 of the Orcish Mines
 12366 | Orc:2    | Noticed an orc high priest
 12382 | Orc:2    | Killed an orc high priest
 12390 | Orc:2    | Received a gift from Nemelex Xobeh
 12519 | Orc:2    | Found a staircase to the Elven Halls.
 12618 | Orc:2    | Noticed an ettin
 12629 | Orc:2    | Killed an ettin
 12945 | Orc:2    | Noticed an orc high priest
 12954 | Orc:2    | Noticed an orc high priest
 12957 | Orc:2    | Killed an orc high priest
 12958 | Orc:2    | Noticed an orc high priest
 13195 | Orc:2    | Killed an orc high priest
 13259 | Orc:2    | Killed an orc high priest
 13405 | Orc:2    | Received a gift from Nemelex Xobeh
 13442 | Orc:2    | Found Caet's Book Shop.
 13442 | Orc:2    | Found Qykh's Jewellery Shop.
 13443 | Orc:2    | Found Zathe's Weapon Boutique.
 13448 | Orc:2    | Found Imuitra's Weapon Boutique.
 13814 | Lair:1   | Entered Level 1 of the Lair of Beasts
 13944 | Lair:1   | Received a gift from Nemelex Xobeh
 14093 | Lair:1   | Received a gift from Nemelex Xobeh
 14244 | Lair:1   | Reached skill level 11 in Dodging
 14604 | Lair:2   | Received a gift from Nemelex Xobeh
 14604 | Lair:2   | Received a gift from Nemelex Xobeh
 14712 | Lair:2   | Reached XP level 13. HP: 144/144 MP: 13/13
 14735 | Lair:2   | Noticed Erica
 14743 | Lair:2   | Found a frozen archway.
 14769 | Lair:2   | Killed Erica
 14792 | IceCv    | Entered an ice cave
 15522 | IceCv    | Got a crystal mace
 15532 | IceCv    | Identified the +7 mace "Culuv" {crush, *Rage rN+ Str+7 Int+8} (You found it in an ice cave)
 15773 | Lair:2   | Reached skill level 1 in Maces & Flails
 16071 | Lair:3   | Noticed Gastronok
 16120 | Lair:3   | Killed Gastronok
 16468 | Lair:3   | Received a gift from Nemelex Xobeh
 17354 | Lair:4   | Found a hole to the Spider Nest.
 17599 | Lair:4   | Received a gift from Nemelex Xobeh
 17969 | Lair:4   | Reached skill level 12 in Dodging
 17995 | Lair:4   | Got a transparent lajatang
 17996 | Lair:4   | Identified the +10 lajatang "Onur" {vamp, *Drain Str+2 Dex+4} (You found it on level 4 of the Lair of Beasts)
 18854 | Lair:5   | Reached XP level 14. HP: 155/155 MP: 8/15
 19045 | Lair:5   | Received a gift from Nemelex Xobeh
 19424 | Lair:5   | Received a gift from Nemelex Xobeh
 19486 | Lair:5   | Found a staircase to the Shoals.
 19972 | Lair:6   | Received a gift from Nemelex Xobeh
 20059 | Lair:6   | Got an iridescent mace
 20081 | Lair:6   | Identified the +1 mace of Impatience {crush, rN+} (You found it on level 6 of the Lair of Beasts)
 20110 | Lair:6   | Noticed Snorg
 20118 | Lair:6   | Killed Snorg
 20118 | Lair:6   | Reached skill level 5 in Maces & Flails
 20119 | Lair:6   | Received a gift from Nemelex Xobeh
 20240 | Lair:6   | Reached skill level 10 in Fighting
 20322 | Lair:6   | Got a transparent great sword
 20325 | Lair:6   | Identified the +5 great sword of Scorn {slice, +Fly} (You found it on level 6 of the Lair of Beasts)
 20342 | Lair:6   | Received a gift from Nemelex Xobeh
 21092 | Lair:7   | Received a gift from Nemelex Xobeh
 21951 | Lair:8   | Entered Level 8 of the Lair of Beasts
 21967 | Lair:8   | Found a viscous altar of Jiyva.
 21967 | Lair:8   | Found a staircase to the Slime Pits.
 22006 | Lair:8   | Received a gift from Nemelex Xobeh
 22052 | Lair:8   | Reached skill level 13 in Dodging
 22191 | Lair:8   | Received a gift from Nemelex Xobeh
 22215 | Lair:8   | XOM: potion effect (berserk rage)
 22938 | D:9      | Identified 3 scrolls of acquirement
 23390 | D:13     | Found Nutteib's General Store.
 23414 | D:13     | Bought the ring of Memucaofewk {rC+ MP+9 Str+3 Int+3 Stlth-} for 648 gold pieces
 23604 | D:13     | Found a gate to the Vaults.
 23710 | D:13     | Reached XP level 15. HP: 122/167 MP: 17/17
 23920 | D:13     | Received a gift from Nemelex Xobeh
 24452 | D:14     | Received a gift from Nemelex Xobeh
 24816 | D:14     | Gained mutation: You are surrounded by a mild repulsion field (EV +2). [mutagenic meat]
 24817 | D:14     | Lost mutation: You have a pair of small horns on your head. [mutagenic meat]
 24818 | D:14     | Gained mutation: Your body sometimes deteriorates upon taking damage. [mutagenic meat]
 24821 | D:14     | Gained mutation: You are partially covered in molten scales (AC +1). [mutagenic meat]
 24822 | D:14     | Gained mutation: Scrolls take you a little longer to read. [mutagenic meat]
 24829 | D:14     | Gained mutation: You are covered in thick fur (AC +2). [mutagenic meat]
 24913 | D:14     | Gained mutation: Your mind is acute. (Int +2) [mutagenic meat]
 24914 | D:14     | Gained mutation: You occasionally shout uncontrollably at your foes. [mutagenic meat]
 24963 | D:14     | Received a gift from Nemelex Xobeh
 25207 | D:15     | Entered Level 15 of the Dungeon
 25353 | D:15     | Noticed Azrael
 25548 | D:15     | Lost mutation: You are covered in thick fur (AC +2). [mutagenic meat]
 25549 | D:15     | Gained mutation: Your spells are a little easier to cast, but a little less powerful. [mutagenic meat]
 25551 | D:15     | Gained mutation: You are weak. (Str -2) [mutagenic meat]
 25552 | D:15     | Gained mutation: Your flesh is heat resistant. [mutagenic meat]
 25553 | D:15     | Gained mutation: Your body often deteriorates upon taking damage. [mutagenic meat]
 25572 | D:15     | Received a gift from Nemelex Xobeh
 25631 | D:15     | Received a gift from Nemelex Xobeh
 25928 | D:15     | Received a gift from Nemelex Xobeh
 26147 | D:15     | Found a staircase to the Depths.
 26297 | D:15     | Killed Azrael
 26419 | D:15     | Received a gift from Nemelex Xobeh
 26864 | Elf:1    | Entered Level 1 of the Elven Halls
 26965 | Elf:1    | Found Wiklem's Book Shoppe.
 27000 | Elf:1    | Reached skill level 14 in Dodging
 27093 | Elf:1    | Noticed a Hell Sentinel
 27098 | Elf:1    | Noticed an Executioner
 27098 | Elf:1    | Reached skill level 10 in Maces & Flails
 27191 | Elf:1    | Received a gift from Nemelex Xobeh
 27289 | Elf:1    | Found Zuuvyigg's Assorted Antiques.
 27414 | Elf:1    | Found Lusegoc's Distillery.
 27811 | Elf:1    | Found Icre's Gadget Shop.
 27816 | Elf:1    | Bought a legendary deck of wonders for 416 gold pieces
 27945 | Elf:1    | Found Cywosaof's Antique Weapon Shop.
 27977 | Elf:1    | Received a gift from Nemelex Xobeh
 28658 | Elf:2    | Reached XP level 16. HP: 178/178 MP: 18/18
 28794 | Elf:2    | Noticed a deep elf blademaster
 28813 | Elf:2    | Drew Focus: Str increased to 24, Int decreased to 5
 28813 | Elf:2    | Lost mutation: Your body often deteriorates upon taking damage. [helix card]
 28813 | Elf:2    | Gained mutation: You are very clumsy. (Dex -4) [helix card]
 28958 | Elf:2    | Received a gift from Nemelex Xobeh
 29029 | Elf:2    | Found Bicoloq's Antique Weapon Emporium.
 29076 | Elf:2    | Gained mutation: You have large cloven feet. [mutagenic meat]
 29111 | Elf:2    | Found a runed gate.
 29111 | Elf:2    | Found a runed gate.
 29111 | Elf:2    | Found a runed gate.
 29399 | Elf:2    | HP: 5/178 [war axe of chopping (15)]
 29404 | Elf:2    | HP: 7/178 [poisoned by a war axe of venom]
 30134 | Elf:2    | Slain by a battleaxe of freezing

Skill      XL: |  1  2  3  4  5  6  7  8  9 10 11 12 13 14 15 16 |
---------------+-------------------------------------------------+-----
Dodging        | 3 4 5 6 8 9 11 12 13 14 | 14.5
Fighting       | 3 4 5 6 7 8 9 10 11 | 11.2
Unarmed Combat | 5 6 7 8 9 11 12 | 12.8
Armour         | 1 2 3 4 5 6 |  6.4
Stealth        | 2 3 4 |  4.1
Evocations     | 1 2 3 4 |  4.2
Maces & Flails | 4 7 10 11 | 11.2

Action                   |  1- 3 |  4- 6 |  7- 9 | 10-12 | 13-15 | 16-18 || total
-------------------------+-------+-------+-------+-------+-------+-------++-------
Melee: Unarmed           |   100 |   178 |   292 |   717 |    99 |       ||  1386
       Punch             |     1 |     3 |    12 |    39 |   136 |    19 ||   210
       Headbutt          |       |       |       |   168 |   325 |       ||   493
       Mace              |       |       |       |       |  1301 |   201 ||  1502
       Kick              |       |       |       |       |       |    31 ||    31
Invok: Deal Four         |       |       |       |       |    12 |     1 ||    13
Evoke: Deck              |       |       |       |    34 |    57 |     8 ||    99
       Sack of spiders   |       |       |       |     2 |    20 |       ||    22
       Wand              |       |       |       |       |    16 |       ||    16
       Box of beasts     |       |       |       |       |    10 |       ||    10
       Fan of gales      |       |       |       |       |       |     1 ||     1
       Lamp of fire      |       |       |       |       |       |     1 ||     1
       Stone of tremors  |       |       |       |       |       |     1 ||     1
       Phial of floods   |       |       |       |       |       |     1 ||     1
  Use: Scroll            |       |     4 |     6 |    16 |    24 |     4 ||    54
       Potion            |       |       |     4 |     8 |    11 |     2 ||    25
 Stab: Sleeping          |     1 |     1 |     4 |     1 |     3 |       ||    10
       Distracted        |       |       |       |     2 |     3 |       ||     5
  Eat: Chunk             |     6 |    20 |    34 |    56 |   177 |     5 ||   298
       Bread ration      |     1 |     1 |       |       |     1 |     4 ||     7
       Meat ration       |       |       |       |     3 |     2 |       ||     5
       Pizza             |       |       |       |       |     2 |       ||     2
Armor: Robe              |    73 |    21 |       |       |       |       ||    94
       Troll hide        |       |    23 |       |       |       |       ||    23
       Troll leather arm |       |    18 |   101 |   198 |   579 |    49 ||   945
Dodge: Dodged            |    77 |   111 |   189 |   655 |  1930 |   179 ||  3141
Block: Other             |       |       |       |     6 |     4 |       ||    10
